 Dungeon Crawl Stone Soup version 0.31-a0-1074-g0b22e4e0f1 (webtiles) character file.

Game seed: 6879956048051642261

21830 bmb222 the Fighter (level 12, -11/79 HPs)
             Began as a Demonspawn Delver on Dec 2, 2023.
             Was a Priest of Dithmenos.
             Succumbed to a death drake's dark miasma
             ... in a Gauntlet on Dec 3, 2023.
             The game lasted 00:24:27 (11547 turns).

bmb222 the Fighter (Demonspawn Delver)             Turns: 11547, Time: 00:24:27

Health: -11/79     AC: 10    Str: 15    XL:     12   Next: 57%
Magic:  10/10      EV: 21    Int:  6    God:    Dithmenos [***...]
Gold:   113        SH:  4    Dex: 31    Spells: 19/21 levels left

rFire   + . .        S - +7 short sword "Nuobod" {venom, rF+ Str+5 Int-3 Stlth+}
rCold   . . .        (no shield)
rNeg    . . .        R - +0 troll leather armour
rPois   .            c - +2 hood of the Assassin {Detect Stab+ Stlth++}
rElec   .            (cloak unavailable)
rCorr   .            i - +0 pair of gloves of the Skies Above {Will+++ MP-9 Int+2 Stlth+}
SInv    .            (no boots)
Will    +++..        (no amulet) Stlth **++++++++
                     T - +6 ring of dexterity
HPRegen 1.13/turn    N - +6 ring of dexterity
MPRegen 0.12/turn

%: no teleportation
@: lethally poisoned (-11 -> -58), slowed, wreathed by umbra, very slow
A: icy blue scales 2, condensation shield, bedeviling, weakness stinger 3,
talons 1, MP-powered wands, [dopey 2], [frail 2], [screaming 2], [weak 2],
[inability to drink after injury 2]
a: Renounce Religion, Shadow Step


You were in a Gauntlet.
You worshipped Dithmenos.
Dithmenos was most pleased with you.
You visited 2 branches of the dungeon, and saw 12 of its levels.
You also visited: Bailey and Gauntlet.

You collected 2748 gold pieces.
You spent 2635 gold pieces at shops.

Inventory:

Hand Weapons
 a - a +0 short sword
 p - a +2 vampiric dagger
 s - a +2 short sword of electrocution
 L - a +1 dagger of chaos
 S - the +7 short sword "Nuobod" (weapon) {venom, rF+ Str+5 Int-3 Stlth+}
   (You bought it in a shop on level 1 of the Dungeon)

   Str+5:     It affects your strength (+5).
   Int-3:     It affects your intelligence (-3).
   rF+:       It protects you from fire.
   Stlth+:    It makes you more stealthy.
Missiles
 H - 22 boomerangs
Armour
 b - a +0 leather armour
 c - the +2 hood of the Assassin (worn) {Detect Stab+ Stlth++}
   (You bought it in a shop on level 5 of the Dungeon)

   Detect:    It allows the wearer to sense nearby creatures.
   Stab+:     It allows the wearer to make particularly effective stabbing
   attacks against helpless or unaware enemies with any weapon.
   Stlth++:   It makes you much more stealthy.
 i - the +0 pair of gloves of the Skies Above (worn) {Will+++ MP-9 Int+2 Stlth+}
   (You found it on level 5 of the Dungeon)

   Int+2:     It affects your intelligence (+2).
   Will+++:   It greatly increases your willpower.
   MP-9:      It affects your magic capacity (-9).
   Stlth+:    It makes you more stealthy.
 j - a +0 buckler
 v - a +2 leather armour of cold resistance
 A - a +0 helmet
 C - the +0 cloak of the Blind Marksman {rN+}
   (You found it on level 7 of the Dungeon)

   rN+:       It protects you from negative energy.
 K - a scarf of repulsion
 R - a +0 troll leather armour (worn)
Jewellery
 q - an amulet of faith
 z - a ring of resist corrosion
 N - a +6 ring of dexterity (right hand)
 T - a +6 ring of dexterity (left hand)
Talismans
 n - a talisman of death
Wands
 d - a wand of quicksilver (9)
 g - a wand of digging (2)
 D - a wand of mindburst (13)
 O - a wand of flame (24)
 P - a wand of charming (9)
 U - a wand of iceblast (3)
Scrolls
 e - 4 scrolls of fear
 k - 2 scrolls of vulnerability
 m - 4 scrolls of brand weapon
 o - 5 scrolls of revelation
 r - 3 scrolls of amnesia
 x - a scroll of blinking {unknown}
 y - 2 scrolls of immolation {unknown}
 E - 5 scrolls of teleportation
 F - a scroll of poison {unknown}
 G - a scroll of torment {unknown}
 I - 2 scrolls of enchant weapon {unknown}
 J - 2 scrolls of enchant armour {unknown}
 Q - a scroll of summoning {unknown}
Potions
 f - a potion of haste
 h - 4 potions of lignification
 t - a potion of brilliance
 u - a potion of might {unknown}
 w - 5 potions of magic
 B - 6 potions of curing {unknown}
 M - 3 potions of enlightenment {unknown}


   Skills:
 * Level 10.9 Fighting
 - Level 10.1 Short Blades
 * Level 9.0 Armour
 + Level 8.6 Dodging
 - Level 6.7 Stealth
 - Level 4.2 Shields
 * Level 5.1 Spellcasting
 * Level 0.5 Translocations
 * Level 1.1 Invocations
 - Level 1.3 Evocations


You had 19 spell levels left.
You knew the following spells:

 Your Spells              Type           Power      Damage    Failure   Level
a - Blink                 Tloc           4%         N/A       38%         2

Your spell library contained the following spells:

 Spells                   Type           Power      Damage    Failure   Level
 Magic Dart               Conj           4%         1d3       34%         1
 Sandblast                Erth           2%         2d4       34%         1
 Passwall                 Tmut/Erth      0%         N/A       47%         2
 Searing Ray              Conj           2%         2d4       47%         2
 Wereblood                Tmut           1%         N/A       47%         2
 Stone Arrow              Conj/Erth      2%         3d7       71%         3
 Manifold Assault         Tloc           2%         N/A       95%         4
 Vhi's Electric Charge    Tloc/Air       2%         N/A       97%         4
 Brom's Barrelling Bould  Conj/Erth      1%         2d3       98%         4
 Fulminant Prism          Conj/Hex       1%         3d5       98%         4
 Arcjolt                  Conj/Air       0%         1d10      100%        5
 Irradiate                Conj/Tmut      0%         3d11      100%        5
 Simulacrum               Ice/Necr       0%         N/A       100%        6
 Ozocubu's Refrigeration  Ice            0%         4d7       100%        7
 Maxwell's Capacitive Co  Air            0%         ∞         100%        8
 Polar Vortex             Ice            0%         N/A       100%        9


Dungeon Overview and Level Annotations

Branches:
Dungeon (11/15)            Temple (1/1) D:6            Lair (0/5) D:11
 Bailey (visited)         Gauntlet (1/1)
    Orc: D:9-12

Altars:
Ashenzari
Cheibriados
Dithmenos
Fedhas
Gozag
Hepliaklqana
Kikubaaqudgha
Makhleb
Nemelex Xobeh
Okawaru
Qazlal
Ru
Sif Muna
Trog
Uskayaw
Vehumet
Wu Jian
Xom
Yredelemnul

Shops:
D:1 ((=   D:5 *:*[*   D:8 *

Annotations:
Temple 2 transporters Gauntlet 7 transporters


Innate Abilities, Weirdness & Mutations

You are mostly covered in icy blue scales. (AC +3)
A meltable shield of frost defends you. (SH +4)
Your hexes are more powerful.
You have a sharp stinger which inflicts weakening toxins.
You have sharp toenails.
You expend magic power (3 MP) to strengthen your wands.
[You are very dopey. (Int -4)]
[You are very frail. (-20% HP)]
[You frequently scream uncontrollably at your foes.]
[You are very weak. (Str -4)]
[You sometimes lose the ability to drink potions when taking damage.]


Message History

Your toenails lengthen and sharpen.
You start waiting.
The death drake hisses angrily.
You start waiting.
You start waiting.
Done waiting.
There is a transporter here.
You enter the transporter and appear at another place.
There is a transporter here.
You enter the transporter and appear at another place.
The centaur warrior zombie completely misses you.
The centaur warrior zombie barely misses you.
The centaur warrior zombie closely misses you.
The centaur warrior zombie misses you.
The death drake attacks as it pursues you!
The death drake closely misses you. The death drake breathes miasma at you.
The foul vapour engulfs you!
You are poisoned.
You feel yourself slow down.
You are engulfed in dark miasma.
You are more poisoned.
You feel extremely sick.
The wolf spider zombie completely misses you. x2
The centaur warrior zombie hits you.
The centaur warrior zombie kicks you but does no damage.
The death drake attacks as it pursues you!
The death drake closely misses you. The wolf spider zombie hits you!
* * * LOW HITPOINT WARNING * * *
The wolf spider zombie barely misses you.
The centaur warrior zombie misses you.
You block the centaur warrior zombie's attack.
The death drake barely misses you.
Okay, then.
As you read the scroll labelled NUMMYJOFOH, it crumbles to dust.
You feel a strange sense of stasis.
It was a scroll of teleportation.
You are engulfed in dark miasma.
You are more poisoned.
* * * LOW HITPOINT WARNING * * *
You die...

.............≈## 8©8©8©8©8©8..≈≈#
.............≈# ###############
### ### ### ### #
..............###≈###≈###≈###≈###
⌠8..8∩8..8⌠8...#≈≈≈#≈≈≈#≈≈≈#≈≈≈#≈
.................................
#################################
8#.......#8©8#.Z@kZ°.#8©8#.......
.#.##.##.#...#.Z##Z°##...#....#.h
.##..#..##...#°##.Z###...#...###!
©#.##©##©#©.©###.Z##©#©.©#..#©#.h
###..#..#######..##..#####b###...
.#.##.##|#...#..##.!?#...#..#....
.#.......#.8.#.......#.8.#b......
.#########...#########...########
.................................


You could see a death drake, a spectral wolf spider, a wolf spider zombie and 2
centaur warrior zombies.

Vanquished Creatures
  Erolcha (D:9)
  4 two-headed ogres
  A wretched star (Gauntlet)
  8 centaur zombies (D:11)
  Psyche (D:8)
  Maggie (D:7)
  2 trolls (D:10)
  2 hornets (Gauntlet)
  A queen bee (Gauntlet)
  A meliai zombie (D:11)
  A slime creature (D:10)
  A vampire (D:5)
  2 wraiths
  3 wyverns
  10 yaks
  Grum (D:8)
  Eustachio (D:5)
  A neqoxec (Gauntlet)
  A steam dragon (D:10)
  A small abomination (Gauntlet)
  5 orc warriors
  3 sky beasts
  4 ice beasts
  A black bear (D:6)
  3 wolves (D:8)
  4 centaurs
  2 phantoms
  2 kobold brigands (D:8)
  4 bullfrogs
  A gnoll sergeant (D:11)
  13 wights
  9 killer bees
  A howler monkey (D:10)
  A lava snake (D:10)
  5 hounds
  3 jellies (D:7)
  6 orc priests
  2 iguanas
  2 sleepcaps
  A boggart zombie (D:11)
  7 orc wizards
  A howler monkey zombie (D:11)
  4 adders
  5 gnolls (D:11)
  2 shadow imps
  3 white imps
  2 worms
  27 orcs
  5 ball pythons
  5 bats
  6 endoplasms
  3 giant cockroaches
  10 goblins
  12 hobgoblins
  4 jackals (D:4)
  20 kobolds
  5 quokkas
  5 frilled lizards
  3 rats (D:1)
245 creatures vanquished.

Notes
Turn   | Place    | Note
-------+----------+-------------------------------------------
     0 | D:5      | bmb222 the Demonspawn Delver began the quest for the Orb.
     0 | D:5      | Reached XP level 1. HP: 18/18 MP: 1/1
    18 | D:5      | Noticed an orc priest
    37 | D:4      | Noticed an orc priest
    37 | D:4      | Noticed an orc priest
    98 | D:5      | Found Ojid's Assorted Antiques.
   107 | D:5      | Found Bazxuopn's Antique Armour Boutique.
   108 | D:5      | Identified the +0 pair of gloves of the Skies Above
                  | {Will+++ MP-9 Int+2 Stlth+}
   166 | D:4      | Gained mutation: You are partially covered in icy blue
                  | scales. (AC +2) [demonic ancestry]
   166 | D:4      | Reached XP level 2. HP: 18/24 MP: 0/2
   399 | D:2      | Reached skill level 5 in Stealth
   509 | D:2      | Gained mutation: You are mostly covered in icy blue scales.
                  | (AC +3) [demonic ancestry]
   509 | D:2      | Reached XP level 3. HP: 29/29 MP: 0/3
  1159 | D:1      | Noticed a +0 triple sword
  1162 | D:1      | Found Duplerarph's Weapon Boutique.
  1165 | D:1      | Noticed a +0 great mace
  1251 | D:1      | Found Myeps's Jewellery Shop.
  1570 | D:1      | Found Xipargh's Weapon Boutique.
  2087 | D:3      | Reached XP level 4. HP: 35/35 MP: 0/4
  2383 | D:3      | Found a radiant altar of Vehumet.
  2387 | D:3      | Reached skill level 1 in Armour
  2867 | D:4      | Gained mutation: A meltable shield of frost defends you.
                  | (SH +4) [demonic ancestry]
  2867 | D:4      | Reached XP level 5. HP: 39/41 MP: 0/5
  3323 | D:4      | Reached XP level 6. HP: 47/47 MP: 0/6
  3591 | D:4      | Noticed a wyvern
  3593 | D:4      | Killed a wyvern
  3810 | D:5      | Found Yrras's Assorted Antiques.
  3826 | D:5      | Found Axzeaph's General Store.
  3829 | D:5      | Noticed a vampire
  3869 | D:5      | Noticed Eustachio
  4071 | D:5      | Killed Eustachio
  4072 | D:5      | Reached skill level 5 in Short Blades
  4072 | D:5      | Reached XP level 7. HP: 5/53 MP: 0/7
  4542 | D:5      | Killed a vampire
  4656 | D:5      | Found Qavoihos's Book Shoppe.
  4990 | D:6      | Identified the +7 flail of Cooq {flame, rElec rF+ Dex+2}
  5022 | D:6      | Gained mutation: You have a small tail. [demonic ancestry]
  5022 | D:6      | Reached XP level 8. HP: 60/60 MP: 0/8
  5034 | D:6      | Reached skill level 1 in Shields
  5477 | D:5      | Identified 2 scrolls of acquirement
  5477 | D:5      | Acquired 1285 gold pieces
  5479 | D:5      | Acquired 774 gold pieces
  5492 | D:5      | Bought the +2 hood of the Assassin {Detect Stab+ Stlth++}
                  | for 1920 gold pieces
  5492 | D:5      | Found the +2 hood of the Assassin {Detect Stab+ Stlth++}
  5721 | D:6      | Found a staircase to the Ecumenical Temple.
  5730 | D:6      | Reached skill level 5 in Fighting
  5730 | D:6      | Reached skill level 5 in Dodging
  5730 | D:6      | Gained mutation: You have a tail ending in a sharp stinger.
                  | [demonic ancestry]
  5730 | D:6      | Reached XP level 9. HP: 67/67 MP: 0/9
  5734 | Temple   | Found a transporter.
  5734 | Temple   | Found a transporter.
  5734 | Temple   | Found a transporter.
  5734 | Temple   | Found a transporter.
  5734 | Temple   | Entered the Ecumenical Temple
  5748 | Temple   | Became a worshipper of Dithmenos the Shadowed
  6459 | D:7      | Identified the +0 cloak of the Blind Marksman {rN+}
  6704 | D:7      | Reached * piety under Dithmenos
  6804 | D:7      | Noticed a two-headed ogre
  6809 | D:7      | Killed a two-headed ogre
  6810 | D:7      | Gained mutation: You have a sharp stinger which inflicts
                  | weakening toxins. [demonic ancestry]
  6810 | D:7      | Reached XP level 10. HP: 76/76 MP: 1/10
  6887 | D:7      | Noticed Maggie
  6896 | D:7      | Killed Maggie
  6990 | D:8      | Found a flagged portal.
  7007 | D:8      | Noticed Grum
  7065 | Bailey   | Entered a bailey
  7070 | Bailey   | Noticed an orc warlord
  7115 | Bailey   | Reached skill level 10 in Short Blades
  7132 | Bailey   | Found a runed translucent gate.
  7132 | Bailey   | Found a runed translucent gate.
  7132 | Bailey   | Found a runed translucent gate.
  7230 | Bailey   | Reached ** piety under Dithmenos
  7728 | Bailey   | Reached skill level 10 in Fighting
  7728 | Bailey   | Gained mutation: Your hexes are more powerful. [demonic
                  | ancestry]
  7728 | Bailey   | Reached XP level 11. HP: 92/92 MP: 2/11
  8212 | D:8      | Found Singon's CLEARANCE SALE!.
  8270 | D:8      | Noticed Psyche
  8273 | D:8      | Killed Psyche
  8274 | D:8      | Reached skill level 1 in Spellcasting
  8426 | D:9      | Noticed a two-headed ogre
  8432 | D:9      | Killed a two-headed ogre
  8673 | D:9      | Noticed a two-headed ogre
  8681 | D:9      | Killed a two-headed ogre
  8838 | D:9      | Noticed Erolcha
  8843 | D:9      | Noticed a two-headed ogre
  8845 | D:9      | Killed Erolcha
  8846 | D:9      | Reached skill level 1 in Evocations
  8848 | D:9      | Killed a two-headed ogre
  9084 | D:10     | Entered Level 10 of the Dungeon
  9415 | D:10     | Reached XP level 12. HP: 99/99 MP: 8/17
  9847 | D:8      | Killed Grum
 10047 | D:1      | Bought the +7 short sword "Nuobod" {venom, rF+ Str+5 Int-3
                  | Stlth+} for 715 gold pieces
 10363 | D:10     | Reached *** piety under Dithmenos
 10789 | D:11     | Found a basalt altar of Yredelemnul.
 10903 | D:11     | Found a gate leading to a gauntlet.
 10913 | D:11     | Found a staircase to the Lair.
 10915 | Gauntlet | Entered a Gauntlet
 10915 | Gauntlet | Found a transporter.
 10922 | Gauntlet | Found a transporter.
 10925 | Gauntlet | Found a transporter.
 10926 | Gauntlet | Found a transporter.
 10935 | Gauntlet | Found a transporter.
 10937 | Gauntlet | Found a transporter.
 10938 | Gauntlet | Found a transporter.
 10946 | Gauntlet | Found a transporter.
 10949 | Gauntlet | Found a transporter.
 10950 | Gauntlet | Found a transporter.
 10961 | Gauntlet | Found a transporter.
 10962 | Gauntlet | Found a transporter.
 10966 | Gauntlet | Found a transporter.
 10970 | Gauntlet | Noticed a hell hog
 10973 | Gauntlet | Found a transporter.
 11172 | Gauntlet | Reached skill level 5 in Spellcasting
 11184 | Gauntlet | Learned a level 2 spell: Blink
 11251 | Gauntlet | Reached skill level 1 in Invocations
 11340 | Gauntlet | Gained mutation: You expend magic power (3 MP) to
                  | strengthen your wands. [potion of mutation]
 11340 | Gauntlet | Gained mutation: You have sharp toenails. [potion of
                  | mutation]
 11547 | Gauntlet | Succumbed to a death drake's dark miasma

Illustrated notes

Levels and vault maps discovered:
D:1:      dpeg_arrival_lava_altar, layout_basic, serial_shops,
          nicolae_shop_mannequins, nicolae_shop_bloodbath_and_beyond,
          nicolae_shop_gaudy_bauble
D:2:      layout_rooms
D:3:      layout_loops_ring, chequers_temple_overflow_statue_of_worship
D:4:      layout_loops_corners, chequers_serial_rivers_micro_a,
          minmay_hedge_maze
D:5:      layout_cave_pools, serial_shops, nicolae_shop_just_a_little_nook,
          shop, shop_fountains, shop, shop, uniq_eustachio
D:6:      layout_loops_ring, minmay_temple_entry_tees, grunt_decor_junction,
          kennysheep_generic_room_12
D:7:      layout_basic, uniq_maggie
D:8:      hellmonk_ruined_rings, layout_gridville, enter_bailey_5,
          nicolae_shop_clearance, uniq_grum, uniq_psyche
D:9:      layout_cross, uniq_erolcha
D:10:     layout_basic, hangedman_abyss_or_decor_stagger,
          kennysheep_opposing_triangles
D:11:     layout_cave_pools, lair_entry_dummy, gauntlet_entry_generic,
          nicolae_yredelemnul_corpse_copse
Temple:   hellmonk_temple_divided_pantheon
Gauntlet: gammafunk_gauntlet_77_escape_option [minmay_gauntlet_arena_77_mirror,
          minmay_gauntlet_arena_77_mess, minmay_gauntlet_arena_77_braids,
          minmay_gauntlet_arena_77_two_lines,
          minmay_gauntlet_arena_77_double_cross, gauntlet_exit_watery]

Skill      XL: |  1  2  3  4  5  6  7  8  9 10 11 12 |
---------------+-------------------------------------+-----
Stealth        | 5 6 |  6.7
Short Blades   | 2 3 5 6 8 9 10 | 10.1
Dodging        | 2 3 5 6 8 |  8.6
Armour         | 1 2 3 6 7 8 9 |  9.0
Shields        | 3 4 |  4.2
Fighting       | 5 6 10 | 10.9
Spellcasting   | 3 5 |  5.1
Evocations     | 1 |  1.3
Invocations    | 1 |  1.1
Translocations | |  0.5

Action                     |  1- 3 |  4- 6 |  7- 9 | 10-12 || total
---------------------------+-------+-------+-------+-------++-------
  Melee: Short sword       |   116 |   121 |   165 |   512 ||   914
         Dagger            |    29 |     2 |       |       ||    31
         Punch             |     2 |       |     3 |    10 ||    15
         Tailslap          |       |       |    17 |   105 ||   122
  Evoke: Wand              |       |       |       |     1 ||     1
    Use: Scroll            |     2 |       |    11 |     3 ||    16
         Potion            |       |       |     1 |     5 ||     6
   Stab: Sleeping          |    19 |    10 |    16 |    25 ||    70
         Distracted        |       |     1 |     1 |     5 ||     7
 Armour: Leather armour    |    61 |    88 |    65 |   100 ||   314
         Troll leather arm |       |       |       |   110 ||   110
  Dodge: Dodged            |    74 |    86 |    48 |   380 ||   588
  Block: Other             |       |    16 |    15 |    75 ||   106

Table legend: (Time is in decaauts)
 A = Elapsed time spent in this place.
 B = Non-inter-level travel time spent in this place.
 C = Inter-level travel time spent in this place.
 D = Time resting spent in this place.
 E = Time spent auto-exploring this place.
 F = Levels seen in this place.
 G = Mean time per level.
                   A        B        C        D        E       F      G
               +--------+--------+--------+--------+--------+-----+--------+
         Total |  11169 |  10028 |   1141 |   1719 |   5624 |  14 |  797.8 |
       Dungeon |   9901 |   8760 |   1141 |   1069 |   5560 |  11 |  900.1 |
        Temple |     40 |     40 |      0 |      0 |      0 |   1 |   40.0 |
        Bailey |    644 |    644 |      0 |    385 |      3 |   1 |  644.0 |
      Gauntlet |    582 |    582 |      0 |    264 |     61 |   1 |  582.0 |
               +--------+--------+--------+--------+--------+-----+--------+

Top non-repeatable levels by time:
     D:4: 1465 daAuts
     D:6: 1137 daAuts
    D:10: 1033 daAuts
     D:5: 1017 daAuts
     D:7: 937 daAuts
     D:1: 913 daAuts
     D:3: 900 daAuts
     D:2: 880 daAuts
     D:9: 708 daAuts
     D:8: 683 daAuts
  Bailey: 644 daAuts
Gauntlet: 582 daAuts
    D:11: 224 daAuts
  Temple: 40 daAuts
